 Dungeon Crawl Stone Soup version 0.26.0-10-g1f06aea511 (webtiles) character file.

Game seed: 6858046904016332467

4923 MajorAdolf the Prestidigitator (level 10, -16/96 HPs)
             Began as a Naga Wanderer on Jan 17, 2021.
             Was an Initiate of Gozag.
             Demolished by a boulder beetle (33 damage)
             ... on level 8 of the Dungeon.
             The game lasted 00:22:45 (15563 turns).

MajorAdolf the Prestidigitator (Naga Wanderer)     Turns: 15563, Time: 00:22:46

Health: -16/96     AC: 15    Str: 14    XL:     10   Next: 52%
Magic:  10/10      EV:  4    Int: 17    God:    Gozag
Gold:   62         SH:  0    Dex: 16    Spells: 9/9 levels left

rFire    + . .     SeeInvis +   F - +0 short sword (venom)
rCold    . . .     Faith    .   (no shield)
rNeg     + . .     Spirit   .   c - +2 plate armour {rF+}
rPois    +         Reflect  .   (no helmet)
rElec    .         Harm     .   (no cloak)
rCorr    .         Rampage  .   x - +1 pair of gloves
Will     +....                  (no barding)
Stlth    ..........             (no amulet)
HPRegen  0.26/turn              m - +6 ring of dexterity
MPRegen  0.12/turn              y - ring of positive energy

@: short of breath, studying Short Blades, very slow
A: large, see invisible, deformed body, poison resistance, slowness 2, spit
poison 1, AC +3
a: Spit Poison, Renounce Religion, Potion Petition, Call Merchant, Bribe Branch


You were on level 8 of the Dungeon.
You worshipped Gozag.
Gozag was noncommittal.
You visited 2 branches of the dungeon, and saw 10 of its levels.
You also visited: Sewer.

You collected 1199 gold pieces.
You spent 416 gold pieces at shops.
You paid 721 gold pieces to Gozag.

Inventory:

Hand Weapons
 a - a +4 dagger
 C - a +2 flail of protection
 F - a +0 short sword of venom (weapon)
 G - a +0 dagger of flaming
Missiles
 D - 36 poisoned darts
Armour
 c - a +2 plate armour of fire resistance (worn)
 f - a +0 scale mail
 g - a +0 chain mail
 x - a +1 pair of gloves (worn)
Jewellery
 m - a +6 ring of dexterity (left hand)
 o - an uncursed ring of magical power
 w - an uncursed ring of magical power
 y - a ring of positive energy (right hand)
 I - an uncursed ring of positive energy
 K - an uncursed ring of magical power
Wands
 b - a wand of enslavement (2)
 u - a wand of disintegration (9)
 A - a wand of polymorph (9)
 E - a wand of random effects (7)
 L - a wand of iceblast (8)
Scrolls
 d - 5 scrolls of teleportation
 h - 8 scrolls of remove curse
 j - a scroll of amnesia
 l - 6 scrolls of identify
 p - a scroll of immolation {unknown}
 q - 2 scrolls of enchant armour {unknown}
 t - 2 scrolls of magic mapping {unknown}
Potions
 e - 3 potions of brilliance {unknown}
 i - 4 potions of might {unknown}
 k - 5 potions of lignification {unknown}
 n - 3 potions of heal wounds {unknown}
 r - 2 potions of degeneration {unknown}
 s - 2 potions of attraction {unknown}
 v - a potion of berserk rage {unknown}
 z - a potion of invisibility {unknown}
 B - a potion of mutation {unknown}
Books
 H - a manual of Short Blades


   Skills:
 + Level 7.7 Fighting
 - Level 1.0 Axes
 - Level 1.7 Bows
 + Level 6.7 Armour
 + Level 6.0 Dodging
 - Level 3.0 Stealth
 * Level 8.0 Evocations


You had 9 spell levels left.
You didn't know any spells.
Your spell library was empty.

Dungeon Overview and Level Annotations

Branches:
Dungeon (9/15)             Temple (1/1) D:4            Lair (0/6) D:8
  Sewer (visited)
    Orc: D:9-12

Altars:
Cheibriados
Dithmenos
Elyvilon
Fedhas
Gozag
Hepliaklqana
Kikubaaqudgha
Makhleb
Nemelex Xobeh
Okawaru
Qazlal
Ru
Trog
Uskayaw
Vehumet
Wu Jian
Xom
Yredelemnul
Zin
The Shining One

Shops:
D:8 }

Annotations:
D:4 2 runed translucent doors, Gypyx's ghost, novice MiBe


Innate Abilities, Weirdness & Mutations

You cannot wear boots.
Your serpentine skin is tough. (AC +3)
You have supernaturally acute eyesight. (SInv)
Armour fits poorly on your strangely shaped body.
Your system is resistant to poisons. (rPois)
You cover ground very slowly.
You can spit poison.


Message History

* * * LOW HITPOINT WARNING * * *
Unknown command.
Okay, then.
Okay, then.
As you read the scroll of fear, it crumbles to dust.
You assume a fearsome visage.
The boulder beetle looks frightened!
The boulder beetle leaps!
Press: ? - help, Shift-Dir - straight line, f - boulder beetle
Aim: a boulder beetle (moderately wounded, fleeing, extremely poisoned)
The splash of poison hits the boulder beetle but does no damage.
The boulder beetle looks as sick as possible!
The boulder beetle is moderately wounded.
Your attack snaps the boulder beetle out of its fear.
The boulder beetle curls into a ball and begins rolling!
You see here a war axe.
Okay, then.
Okay, then.
The boulder beetle hits you!!
You die...
Your body crumbles into a pile of gold.

###....#.#(###.#.##.#
########......#.#........#.#
#.............#.....#.#..#.###
#.##...#......#.#.....#..#)...
#.##...#......###.#.###..##...
#.##...#......#.#.#.# #..##...
#.##.........#..#...###.......
#......#...#.#)○.........#####
########.......@B.°........#
#........#.....##..°.......#
#.#####......#.............#
#.# #.####...............# #.#
#....................# #.#
############.........# #.#
#.>......# ####[########## #.#
#.######.# ##.........< #.#
#.# #.# ###.#########


You could see a boulder beetle (extremely poisoned).

Vanquished Creatures
  A two-headed ogre (D:4)
  A wyvern (D:6)
  2 yaks (D:8)
  Edmund (D:5)
  Duvessa (D:7)
  An orc warrior (D:8)
  2 sky beasts
  An ice beast (D:5)
  3 phantoms
  An eye of draining (D:8)
  3 ogres
  5 centaurs
  6 big kobolds
  4 bullfrogs
  A gnoll sergeant (D:4)
  Dowan (D:7)
  2 scorpions (D:3)
  A howler monkey (D:8)
  A bullfrog zombie (D:5)
  4 centaur skeletons
  A jelly (D:5)
  5 hounds
  6 orc wizards
  An orc priest (D:6)
  2 bullfrog skeletons
  Ijyb (D:3)
  6 iguanas
  6 worker ants
  A hound skeleton (D:6)
  A worker ant zombie (D:5)
  6 gnolls
  11 adders
  4 river rats (Sewer)
  A shadow imp (D:7)
  A white imp (D:7)
  11 oozes
  2 ufetubi
  An adder zombie (D:7)
  An adder skeleton (D:8)
  5 worms
  5 leopard geckos
  23 orcs
  5 giant cockroaches
  6 goblins
  7 hobgoblins
  10 kobolds
  2 quokkas
  7 ball pythons
  8 bats
  7 frilled lizards
  A jackal zombie (D:5)
  A leopard gecko skeleton (D:4)
  A quokka zombie (D:5)
  10 rats
208 creatures vanquished.

Vanquished Creatures (collateral kills)
  A gnoll (D:5)
1 creature vanquished.

Vanquished Creatures (others)
  A jelly (D:5)
  A bat (D:1)
  19 plants (D:2)
21 creatures vanquished.

Grand Total: 230 creatures vanquished

Notes
Turn   | Place    | Note
-------+----------+-------------------------------------------
     0 | D:1      | MajorAdolf the Naga Wanderer began the quest for the Orb.
     0 | D:1      | MajorAdolf set off with the following items: a +2 dagger, a
                  | potion of haste, a +0 ring mail, a scroll of teleportation
     0 | D:1      | Reached XP level 1. HP: 19/19 MP: 1/1
    82 | D:1      | Reached XP level 2. HP: 7/26 MP: 2/2
  1380 | D:2      | Reached skill level 1 in Dodging
  1517 | D:2      | Reached XP level 3. HP: 26/33 MP: 3/3
  2537 | D:3      | Found a glowing drain.
  2547 | D:3      | Reached XP level 4. HP: 14/40 MP: 4/4
  2558 | Sewer    | Entered a sewer
  2903 | Sewer    | Noticed a big kobold
  2917 | Sewer    | Killed a big kobold
  2918 | Sewer    | Reached XP level 5. HP: 49/49 MP: 5/5
  3271 | Sewer    | Noticed a big kobold
  3293 | Sewer    | Killed a big kobold
  3424 | Sewer    | Reached XP level 6. HP: 57/57 MP: 6/6
  4206 | Sewer    | Reached XP level 7. HP: 43/66 MP: 7/7
  4529 | D:3      | You fall into a shaft and drop 2 floors!
  4529 | D:5      | Entered Level 5 of the Dungeon
  5041 | D:5      | Reached skill level 1 in Evocations
  5159 | D:5      | Reached skill level 5 in Fighting
  5761 | D:3      | Reached XP level 8. HP: 74/74 MP: 8/8
  6155 | D:3      | Noticed Ijyb
  6164 | D:3      | Killed Ijyb
  6165 | D:3      | Reached skill level 2 in Evocations
  6548 | D:4      | Noticed a two-headed ogre
  6690 | D:4      | Found a hazy altar of Hepliaklqana.
  6775 | D:4      | Killed a two-headed ogre
  6776 | D:4      | Reached skill level 5 in Armour
  6776 | D:4      | Reached skill level 4 in Evocations
  6900 | D:4      | Found a runed translucent door.
  6921 | D:4      | Found a runed translucent door.
  7245 | D:4      | Noticed Gypyx's ghost (novice MiBe)
  7276 | D:4      | Found a staircase to the Ecumenical Temple.
  7285 | Temple   | Entered the Ecumenical Temple
  7696 | D:4      | Found a glowing golden altar of the Shining One.
  7710 | D:4      | Reached XP level 9. HP: 80/82 MP: 9/9
  7871 | D:4      | Found an ancient bone altar of Kikubaaqudgha.
  8024 | D:4      | Found an opulent altar of Gozag.
  8169 | D:4      | Became a worshipper of Gozag Ym Sagoz the Greedy
  8544 | D:5      | Reached skill level 5 in Evocations
  9418 | D:5      | Found a burning altar of Makhleb.
  9534 | D:6      | Noticed Edmund
  9567 | D:5      | Killed Edmund
  9568 | D:5      | Reached skill level 5 in Dodging
 10777 | D:6      | Reached skill level 6 in Evocations
 10950 | D:6      | Found a burning altar of Makhleb.
 10950 | D:6      | Noticed a balrug
 11970 | D:6      | Reached XP level 10. HP: 63/94 MP: 10/10
 12178 | D:7      | Reached skill level 7 in Evocations
 12201 | D:7      | Noticed Dowan
 12204 | D:7      | Noticed Duvessa
 12226 | D:7      | Killed Duvessa
 12228 | D:7      | Killed Dowan
 13022 | D:7      | Found a hide-covered altar of Uskayaw.
 13357 | D:8      | Noticed a boulder beetle
 13451 | D:8      | Found an iron altar of Okawaru.
 13654 | D:8      | Bought a wand of disintegration (10) for 224 gold pieces
 13791 | D:8      | Found a staircase to the Lair.
 13841 | D:8      | Found a basalt altar of Yredelemnul.
 13856 | D:8      | Found a sparkling altar of Nemelex Xobeh.
 14991 | D:8      | Reached skill level 8 in Evocations
 15393 | D:8      | Bought a wand of iceblast (8) for 192 gold pieces
 15563 | D:8      | Demolished by a boulder beetle

Illustrated notes

Levels and vault maps discovered:
D:1:      dpeg_arrival_refuge, layout_basic, chequers_serial_rivers_micro_b,
          lemuel_flame_loot_1
D:2:      layout_loops_ring, hangedman_abyss_or_decor_lesser_grid,
          serial_bayou_pond_c
D:3:      layout_loops_ring, cheibrodos_sewer_entry_sluice, uniq_ijyb
D:4:      layout_cave_pools, kennysheep_mini, kiku_gazebo_pond_becter,
          overflow_temple_1_default, minmay_temple_entry_mist,
          ebering_ghost_sewer_f, nicolae_tso_carved_into_rock
D:5:      layout_rooms, lightli_temple_of_fire, minmay_door_square
D:6:      layout_basic, chequers_serial_rivers_small_3,
          makhleb_altar_promises_db, uniq_edmund
D:7:      layout_rooms, kennysheep_little_box, serial_glass, glass_columns_c,
          glass_columns_a, glass_columns_b, glass_columns_a, minmay_manual_mess,
          uniq_duvessa
D:8:      layout_basic, okawaru_gym_becter, nemelex_xobeh_ov_fountains_minmay,
          lair_entry_dummy, basic_altar
D:9:      layout_loops_corners, led_sif_pool, lemuel_round_altar,
          ebering_ghost_gozag
Temple:   minmay_temple_forest_path

Skill      XL: |  1  2  3  4  5  6  7  8  9 10 |
---------------+-------------------------------+-----
Dodging        | 1 2 3 4 5 6 |  6.0
Armour         | 3 4 5 6 |  6.7
Fighting       | 3 4 5 6 7 |  7.7
Evocations     | 1 4 6 8 |  8.0
Axes           | |  1.0
Bows           | |  1.7
Stealth        | |  3.0

Action                   |  1- 3 |  4- 6 |  7- 9 | 10-12 || total
-------------------------+-------+-------+-------+-------++-------
Melee: Dagger            |    97 |   146 |   536 |    25 ||   804
       Flail             |       |       |       |   211 ||   211
       Short sword       |       |       |       |    68 ||    68
Invok: Call Merchant     |       |       |       |     1 ||     1
 Abil: Spit Poison       |    28 |    16 |    71 |     5 ||   120
Evoke: Wand              |       |       |    10 |     4 ||    14
  Use: Scroll            |     7 |       |     1 |     3 ||    11
       Potion            |       |     2 |       |       ||     2
 Stab: Distracted        |       |       |       |     2 ||     2
Armor: Scale mail        |    88 |    54 |   177 |       ||   319
       Ring mail         |     2 |       |       |       ||     2
       Plate armour      |       |       |   108 |   311 ||   419
Dodge: Dodged            |    61 |    41 |   243 |    64 ||   409
